 Dungeon Crawl Stone Soup version 0.32-a0-799-g95e1662365 (webtiles) character file.

Game seed: 4843434570663283671

126858 hikkokomori the Skirmisher (level 16, -8/127 HPs)
             Began as a Coglin Hunter on Mar 21, 2024.
             Was an Initiate of Gozag.
             Killed from afar by Aizul (26 damage)
             ... with a poison arrow
             ... on level 1 of the Shoals.
             The game lasted 01:35:14 (27568 turns).

hikkokomori the Skirmisher (Coglin Hunter)         Turns: 27568, Time: 01:35:15

Health: -8/127     AC: 17    Str: 13    XL:     16   Next: 99%
Magic:  32/37      EV: 14    Int: 13    God:    Gozag
Gold:   208        SH:  0    Dex: 22    Spells: 6/32 levels left

rFire   + + .        M - +3 greatsling "Punk" {acid, rCorr}
rCold   x . .        m - +6 sling of World's End {freeze, rN+ rCorr Stlth-}
rNeg    + + .        t - +1 ring mail "Pihyup" {rC- rN+ Slay+6}
rPois   .            c - +2 helmet
rElec   +            W - scarf of the Spheres {rC+ rF+, rElec MP+9}
rCorr   +            a - +2 pair of gloves of Subjectivity {Harm rC- Will+ Str+2}
SInv    .            q - +2 pair of boots {Fly}
Will    +++..        (amulet unavailable)
Stlth   +            (ring unavailable)
HPRegen 1.21/turn    (ring unavailable)
MPRegen 0.65/turn    d - thermotungsten whirligig {rF+ Will+ Regen+ RegenMP+}

%: harm (+30% outgoing, +20% incoming)
@: lethally poisoned (-8 -> -33), flying, very slightly contaminated, revving
A: off-hand wielding, slow wielding, warmup strikes, no jewellery
a: Renounce Religion, Potion Petition, Call Merchant, Bribe Branch


You were on level 1 of the Shoals.
You worshipped Gozag.
Gozag was aware of your devotion.
You visited 6 branches of the dungeon, and saw 26 of its levels.
You also visited: Sewer and Bailey.

You collected 8337 gold pieces.
You spent 3406 gold pieces at shops.
You paid 4723 gold pieces to Gozag.

Inventory:

Hand Weapons
 m - the +6 sling of World's End (offhand) {freeze, rN+ rCorr Stlth-}
   (You bought it in a shop on level 2 of the Orcish Mines)

   rN+:       It protects you from negative energy.
   rCorr:     It protects you from acid and corrosion.
   Stlth-:    It makes you less stealthy.
 M - the +3 greatsling "Punk" (weapon) {acid, rCorr}
   (You bought it in a shop on level 4 of the Lair of Beasts)

   rCorr:     It protects you from acid and corrosion.
 X - the +1 sling "Nebunlol" {flame, rN+ rCorr Dex+3}
   (You bought it in a shop on level 2 of the Orcish Mines)

   Dex+3:     It affects your dexterity (+3).
   rN+:       It protects you from negative energy.
   rCorr:     It protects you from acid and corrosion.
Missiles
 j - 5 javelins
 n - 67 poisoned darts
 r - 7 curare-tipped darts
 z - 44 boomerangs
 C - 2 throwing nets
Armour
 a - the +2 pair of gloves of Subjectivity (worn) {Harm rC- Will+ Str+2}
   (You took it off Nikola on level 2 of the Elven Halls)

   Str+2:     It affects your strength (+2).
   rC-:       It makes you vulnerable to cold.
   Will+:     It increases your willpower.
   Harm:      It increases damage dealt and taken.
 c - a +2 helmet (worn)
 q - a +2 pair of boots of flying (worn)
 t - the +1 ring mail "Pihyup" (worn) {rC- rN+ Slay+6}
   (You bought it in a shop on level 2 of the Orcish Mines)

   Slay+6:    It affects your accuracy & damage with ranged weapons and melee
   (+6).
   rC-:       It makes you vulnerable to cold.
   rN+:       It protects you from negative energy.
 I - a +0 pair of gloves
 V - a +2 leather armour of fire resistance
 W - the scarf of the Spheres (worn) {rC+ rF+, rElec MP+9}
   (You bought it in a shop on level 2 of the Orcish Mines)

   rElec:     It insulates you from electricity.
   MP+9:      It affects your magic capacity (+9).
Gizmo
 d - a thermotungsten whirligig (installed) {rF+ Will+ Regen+ RegenMP+}
   (You invented it yourself on level 12 of the Dungeon)

   [thermotungsten whirligig]

   rF+:       It protects you from fire.
   Will+:     It increases your willpower.
   Regen+:    It increases your rate of health regeneration.
   RegenMP+:  It increases your rate of magic regeneration.
Wands
 b - a wand of digging (5)
 l - a wand of mindburst (25)
 x - a wand of iceblast (12)
 y - a wand of flame (24)
 B - a wand of acid (10)
 S - a wand of charming (8)
Scrolls
 k - 2 scrolls of brand weapon
 s - a scroll of revelation
 v - 8 scrolls of teleportation
 A - 2 scrolls of poison
 D - 2 scrolls of amnesia
 F - 2 scrolls of vulnerability
 K - 4 scrolls of blinking
 L - 5 scrolls of immolation
 N - a scroll of identify
 P - 3 scrolls of enchant armour
 Q - a scroll of fear
 T - 5 scrolls of enchant weapon
 Y - a scroll of silence
Potions
 e - 6 potions of attraction
 f - 4 potions of brilliance
 g - 6 potions of curing
 h - 4 potions of enlightenment
 i - 4 potions of heal wounds
 o - a potion of magic
 p - a potion of ambrosia
 w - 3 potions of haste
 E - 6 potions of degeneration
 G - a potion of lignification
 H - 2 potions of mutation
 J - a potion of berserk rage
 O - 2 potions of cancellation
 R - 2 potions of invisibility
 U - a potion of resistance
 Z - 5 potions of might


   Skills:
 - Level 12.0 Fighting
 + Level 12.4 Ranged Weapons
 - Level 7.0 Armour
 + Level 6.9 Dodging
 - Level 4.0 Stealth
 + Level 8.6 Spellcasting
 - Level 7.0 Conjurations
 - Level 7.0 Fire Magic
 - Level 8.0 Ice Magic
 + Level 6.6 Air Magic
 - Level 10.0 Alchemy
 - Level 12.0 Evocations


You had 6 spell levels left.
You knew the following spells:

 Your Spells              Type           Power      Damage    Failure   Level
a - Mephitic Cloud        Conj/Alch/Air  26%        N/A       3%          3
b - Mercury Vapours       Alch/Air       54%        N/A       1%          2
c - Freezing Cloud        Conj/Ice/Air   12%        6-21      34%         5
d - Olgreb's Toxic Radia  Alch           31%        N/A       4%          4
e - Ignite Poison         Fire/Alch      27%        N/A       8%          4
f - Inner Flame           Hex/Fire       14%        N/A       19%         3
g - Irradiate             Conj/Alch      13%        3d16      22%         5

Your spell library contained the following spells:

 Spells                   Type           Power      Damage    Failure   Level
 Static Discharge         Conj/Air       46%        3-5/arc   2%          2
 Frozen Ramparts          Ice            52%        1d8       2%          3
 Ozocubu's Armour         Ice            26%        N/A       2%          3
 Cigotuvi's Dreadful Rot  Necr/Alch/Air  40%        N/A       3%          2
 Airstrike                Air            11%        2d(2-18)  16%         4
 Petrify                  Alch/Erth      18%        N/A       32%         4
 Call Imp                 Summ           10%        N/A       36%         2
 Lesser Beckoning         Tloc           10%        N/A       36%         2
 Sublimation of Blood     Necr           5%         N/A       36%         2
 Arcjolt                  Conj/Air       11%        1d21      38%         5
 Summon Lightning Spire   Summ/Air       14%        N/A       54%         4
 Vhi's Electric Charge    Tloc/Air       28%        N/A       54%         4
 Gell's Gravitas          Tloc           5%         N/A       58%         3
 Teleport Other           Tloc           5%         N/A       58%         3
 Metabolic Englaciation   Hex/Ice        8%         N/A       78%         5
 Plasma Beam              Fire/Air       11%        2x1d22    93%         6
 Animate Armour           Summ/Erth      10%        N/A       94%         4
 Borgnjor's Vile Clutch   Necr/Erth      2%         N/A       100%        5
 Lee's Rapid Deconstruct  Erth           2%         3d5*      100%        5
 Death Channel            Necr           2%         N/A       100%        6
 Ozocubu's Refrigeration  Ice            13%        4d10      100%        7
 Summon Hydra             Summ           2%         N/A       100%        7
 Discord                  Hex            2%         N/A       100%        8
 Ignition                 Fire           11%        3d5       100%        8
 Animate Dead             Necr           Unusable   N/A       N/A         4

Dungeon Overview and Level Annotations

Branches:
Dungeon (15/15)            Temple (1/1) D:7            Lair (5/5) D:8
 Shoals (1/4) Lair:3       Spider (0/4) Lair:2        Slime (0/5) Lair:5
    Orc (2/2) D:12            Elf (2/3) Orc:2        Vaults (0/5) D:14
 Depths (0/4) D:15          Sewer (visited)          Bailey (visited)

Altars:
Ashenzari
Cheibriados
Dithmenos
Elyvilon
Fedhas
Gozag
Hepliaklqana
Kikubaaqudgha
Makhleb
Nemelex Xobeh
Okawaru
Qazlal
Ru
Sif Muna
Trog
Uskayaw
Vehumet
Wu Jian
Xom
Yredelemnul
Zin
The Shining One
Beogh
Jiyva

Shops:
D:1 [   D:4 *   D:7 :[([*   D:9 (   D:15 ?*   Orc:1 (   Orc:2 [*[[((
Elf:2 =:=   Lair:4 (   Shoals:1 !

Annotations:
D:11 3 runed translucent doors, JoadsterXIII's ghost, journeyman FoFi
D:12 1 exclusion
Temple 2 transporters
Lair:4 3 runed translucent doors, Munuj's ghost, journeyman MDFi
Shoals:1 Aizul


Innate Abilities, Weirdness & Mutations

You can wield a second weapon in your off-hand.
It takes a long time for you to wield or remove held weapons.
Your first few attacks do less damage.
You cannot equip rings or amulets.


Message History

You feel extremely sick.
The plant is engulfed in freezing vapours.
Aizul casts a spell at you. You resist with almost no effort.
Aizul coils herself and waves her upper body at you.
The poison arrow hits you!
You are more poisoned.
You shoot a sling bullet. The sling bullet hits Aizul!
The sling bullet freezes Aizul.
Aizul is severely wounded.
You shoot a sling bullet.
The sling bullet completely misses Aizul.
The sling bullet hits the plant.
The plant is splashed with acid.
The plant is heavily damaged.
* * * LOW HITPOINT WARNING * * *
You feel extremely sick.
The plant is engulfed in freezing vapours.
A nearby plant withers and dies.
Aizul coils herself and waves her upper body at you.
The bolt of poison hits you!
You are lethally poisoned!
* * * LOW HITPOINT WARNING * * *
Blink to where?
Press: ? - help, Dir - move target, p - Aizul
Found a glowing rapier.
As you read the scroll of blinking, it crumbles to dust.
* * * LOW HITPOINT WARNING * * *
You feel extremely sick.
You feel better.
As you read the scroll of fog, it dissolves into smoke.
Aiming: Iceblast
Press: ? - help, Shift-Dir - straight line, f - Aizul
Aim: Aizul (blue smoke, severely wounded, covered in acid)
The mass of ice explodes!
The iceblast engulfs Aizul!!
Aizul is almost dead.
Aizul casts a spell at you. The poison arrow hits you!!
You are lethally poisoned!
You die...
Your body crumbles into a pile of gold.

~~ ### ##....~~..~~.~..P .~~
##.## ##....~~~..~~~~~~~ ~~~~
##...###.....~~~~~.###.~~
~~~..###...S...###..~~..~.###..~
~~~...........## #####....##..~~
#..~~~§~SP~~§########........~~
#.~~~~~~~####S§§~~~~.####...~~~
#..~~~~~.# #§§§~~~~### #...~.~
....$~~~.###P§§@§§~~~... #..~~.~
....~~~~~(#§§§§#§~~##~..##..~~~~
....~~~~##PP.§.###~##~..~~##~~~~
..P~~~~~##PP.####..~~##..~##~~~~
###.~~~≈#~.P) #..~~~#..~#~~~~~
##~~~ ##...~~...~~#~~~~ #~PP
....~~##.~~##~~~~
....~~##...##~~~≈
....~.....~##~~≈≈


You could see Aizul (corroded).

Vanquished Creatures
  Nikola (Elf:2)
  Jorgrun (D:14)
  Frances (D:12)
  Gastronok (D:12)
  A fire giant (D:14)
  A deep elf elementalist (Elf:1)
  2 deep elf annihilators (Elf:1)
  A deep elf death mage (Elf:2)
  2 deep elf demonologists (Elf:2)
  An ettin (Orc:2)
  An entropy weaver (shapeshifter) (Elf:2)
  5 hydras
  2 centaur warriors
  A death knight (D:15)
  The ghost of Fegelein the Fighter, a novice MiBe of Trog (Orc:2)
  3 boulder beetles (D:15)
  2 catoblepae
  23 dancing weapons
  5 death yaks (Lair:4)
  13 deep elf knights
  2 skysharks
  A sea snake (Shoals:1)
  5 skeletal warriors (D:12)
  A glowing orange brain (D:15)
  6 deep elf archers
  10 deep elf zephyrmancers
  3 harpies (Lair:3)
  11 deep elf pyromancers
  3 orc knights
  11 ugly things
  An orc sorcerer (Orc:1)
  6 cyclopes
  4 manticores
  6 kobold blastminers
  2 black mambas (Lair:5)
  A merfolk siren (Shoals:1)
  2 orange demons (D:9)
  2 gargoyles
  10 cane toads
  An efreet (D:13)
  2 unseen horrors
  2 kobold demonologists
  2 rime drakes
  6 komodo dragons
  3 ice devils (D:9)
  A freezing wraith (D:15)
  A yaktaur (D:15)
  2 tengu conjurers (D:13)
  2 merfolk (Shoals:1)
  5 polar bears (Lair:5)
  6 hornets (Lair:5)
  Prince Ribbit (D:5)
  4 trolls
  24 blink frogs
  11 dream sheep
  2 jumping spiders (Lair:2)
  2 snapping turtles (Shoals:1)
  Sigmund (D:2)
  3 air elementals (Elf:1)
  4 shadows
  11 slime creatures
  3 water elementals
  7 wyverns
  13 spriggans (Lair:5)
  A hog (shapeshifter) (D:14)
  42 yaks
  A ynoxinul (D:9)
  4 wraiths
  2 wargs (Orc:1)
  A basilisk (D:13)
  2 steam dragons
  8 vampire mosquitoes
  A chaos spawn (D:9)
  A swamp worm (shapeshifter) (D:15)
  18 water moccasins
  An acid dragon (shapeshifter) (D:14)
  43 orc warriors
  An ice beast (D:8)
  7 boggarts
  6 black bears
  7 ogres
  35 wolves
  16 centaurs
  10 kobold brigands
  4 gnoll sergeants
  10 bullfrogs
  An earth elemental (Elf:1)
  A brain worm (Sewer)
  3 scorpions
  25 killer bees
  3 howler monkeys
  An electric eel (D:9)
  5 bombardier beetles
  3 hounds
  5 jellies
  17 orc priests
  6 iguanas
  2 sleepcaps
  17 orc wizards
  12 gnolls
  7 adders
  4 river rats (Sewer)
  4 white imps
  A dart slug (D:2)
  4 ribbon worms
  87 orcs
  9 ball pythons
  4 bats
  8 endoplasms
  A giant cockroach (D:2)
  12 goblins
  5 hobgoblins
  9 jackals
  A quokka (D:4)
  4 frilled lizards
  38 kobolds
  10 rats
804 creatures vanquished.

Vanquished Creatures (collateral kills)
  A catoblepas (Lair:4)
  A komodo dragon (Lair:4)
  3 yaks (Lair:4)
  An orc wizard (D:7)
  2 orcs (D:7)
8 creatures vanquished.

Vanquished Creatures (others)
  A yak (Lair:1)
1 creature vanquished.

Grand Total: 813 creatures vanquished

Notes
Turn   | Place    | Note
-------+----------+-------------------------------------------
     0 | D:1      | hikkokomori the Coglin Hunter began the quest for the Orb.
     0 | D:1      | Reached XP level 1. HP: 16/16 MP: 1/1
    35 | D:1      | Reached skill level 1 in Stealth
    66 | D:1      | Reached XP level 2. HP: 22/22 MP: 2/2
   255 | D:1      | Found Xymulado's Antique Armour Shoppe.
   515 | D:2      | Reached XP level 3. HP: 27/28 MP: 3/3
   924 | D:2      | Noticed Sigmund
   940 | D:2      | Killed Sigmund
   941 | D:2      | Reached XP level 4. HP: 19/37 MP: 4/4
   941 | D:2      | Reached XP level 5. HP: 22/42 MP: 5/5
  1503 | D:3      | Reached XP level 6. HP: 48/48 MP: 6/6
  1757 | D:3      | Reached skill level 5 in Ranged Weapons
  2698 | D:4      | Noticed a black bear
  2702 | D:4      | Killed a black bear
  2703 | D:4      | Reached skill level 5 in Fighting
  2703 | D:4      | Reached XP level 7. HP: 56/56 MP: 7/7
  2753 | D:4      | Found a glowing drain.
  2757 | Sewer    | Entered a sewer
  3302 | Sewer    | Reached XP level 8. HP: 64/64 MP: 8/8
  3403 | Sewer    | Reached skill level 1 in Evocations
  4124 | D:4      | Learned a level 3 spell: Mephitic Cloud
  4176 | D:4      | Found Kaekho Ati's Assorted Antiques.
  4264 | D:5      | Entered Level 5 of the Dungeon
  4523 | D:5      | Noticed Prince Ribbit
  4530 | D:5      | Killed Prince Ribbit
  4602 | D:5      | Reached XP level 9. HP: 71/72 MP: 9/9
  4624 | D:5      | Found a radiant altar of Vehumet.
  4865 | D:5      | Reached skill level 5 in Evocations
  4975 | D:5      | Reached skill level 1 in Alchemy
  5078 | D:5      | Reached skill level 1 in Spellcasting
  5078 | D:5      | Reached skill level 1 in Conjurations
  5078 | D:5      | Reached skill level 1 in Air Magic
  5480 | D:6      | Found a white marble altar of Elyvilon.
  6599 | D:7      | Learned a level 2 spell: Mercury Vapours
  6967 | D:7      | Reached XP level 10. HP: 79/79 MP: 9/13
  7136 | D:7      | Found a staircase to the Ecumenical Temple.
  7147 | Temple   | Found a transporter.
  7147 | Temple   | Found a transporter.
  7147 | Temple   | Found a transporter.
  7147 | Temple   | Found a transporter.
  7147 | Temple   | Entered the Ecumenical Temple
  7164 | Temple   | Became a worshipper of Gozag Ym Sagoz the Greedy
  7201 | D:7      | Found Ekhlabog's Assorted Antiques.
  7202 | D:7      | Found Paokluj's Antique Weapon Shoppe.
  7202 | D:7      | Found Omathe's Armour Emporium.
  7210 | D:7      | Found Suabat's Armour Boutique.
  7239 | D:7      | Found Abrupn's Book Shoppe.
  7403 | D:8      | Found a flagged portal.
  7421 | Bailey   | Entered a bailey
  8077 | D:8      | Found a broken altar of Ashenzari.
  8322 | D:8      | Reached skill level 5 in Alchemy
  8666 | D:8      | Found a staircase to the Lair.
  8942 | D:8      | Learned a level 5 spell: Freezing Cloud
  9035 | D:7      | Bought the Unrestrained Analects for 704 gold pieces
  9042 | D:7      | Learned a level 4 spell: Olgreb's Toxic Radiance
  9286 | D:1      | Bought a pair of gloves for 99 gold pieces
  9471 | D:7      | Bought a Trismegistus Codex for 448 gold pieces
  9733 | D:9      | Noticed an orange demon
  9739 | D:9      | Killed an orange demon
  9763 | D:9      | Reached XP level 11. HP: 33/84 MP: 17/17
  9933 | D:9      | Found Sita's Antique Weapon Shop.
 10070 | D:10     | Entered Level 10 of the Dungeon
 10293 | Lair:1   | Entered Level 1 of the Lair of Beasts
 10818 | Lair:1   | Reached skill level 5 in Conjurations
 11117 | Lair:1   | Reached skill level 10 in Evocations
 11414 | Lair:1   | Learned a level 4 spell: Ignite Poison
 11693 | Lair:2   | Reached skill level 1 in Fire Magic
 11869 | Lair:2   | Reached skill level 5 in Air Magic
 12443 | Lair:2   | You are sucked into a shaft and drop 2 floors!
 12443 | Lair:4   | Noticed a catoblepas
 12469 | Lair:4   | Killed a catoblepas
 12470 | Lair:4   | Reached XP level 12. HP: 92/94 MP: 11/19
 12492 | Lair:4   | Reached skill level 5 in Spellcasting
 12725 | Lair:4   | Noticed a death yak
 12730 | Lair:4   | Noticed a death yak
 12731 | Lair:4   | Noticed a death yak
 12733 | Lair:4   | Noticed a death yak
 12734 | Lair:4   | Noticed a death yak
 12736 | Lair:4   | Noticed a skyshark
 12746 | Lair:4   | Killed a death yak
 12748 | Lair:4   | Killed a death yak
 12748 | Lair:4   | Killed a death yak
 12749 | Lair:4   | Reached skill level 1 in Ice Magic
 12749 | Lair:4   | Killed a death yak
 12757 | Lair:4   | Killed a skyshark
 12759 | Lair:4   | Killed a death yak
 12760 | Lair:4   | Reached skill level 5 in Fire Magic
 13093 | Lair:4   | Found a runed translucent gate.
 13094 | Lair:4   | Found a runed translucent gate.
 13095 | Lair:4   | Found a runed translucent gate.
 13095 | Lair:4   | Noticed a seven-headed hydra
 13095 | Lair:4   | Noticed Munuj's ghost (journeyman MDFi)
 13096 | Lair:4   | Noticed a boulder beetle
 13096 | Lair:4   | Noticed a death yak
 13952 | Lair:4   | Bought the +3 greatsling "Punk" {acid, rCorr} for 469 gold
                  | pieces
 13952 | Lair:4   | Found the +3 greatsling "Punk" {acid, rCorr}
 14272 | Lair:3   | Reached skill level 5 in Ice Magic
 14272 | Lair:3   | Reached XP level 13. HP: 101/101 MP: 20/20
 14387 | Lair:3   | Found a staircase to the Shoals.
 15136 | Lair:2   | Found a hole to the Spider Nest.
 17018 | D:11     | Found a runed translucent gate.
 17019 | D:11     | Found a runed translucent gate.
 17019 | D:11     | Found a runed translucent gate.
 17020 | D:11     | Noticed JoadsterXIII's ghost (journeyman FoFi)
 17751 | D:12     | Found a staircase to the Orcish Mines.
 17919 | D:12     | Noticed Gastronok
 17929 | D:12     | Killed Gastronok
 18093 | D:12     | Found a roughly hewn altar of Beogh.
 18107 | D:12     | Reached XP level 14. HP: 108/108 MP: 23/23
 18158 | D:12     | Acquired a thermotungsten whirligig {rF+ Will+ Regen+
                  | RegenMP+}
 18233 | D:12     | Noticed Frances
 18245 | D:12     | Killed Frances
 18609 | Orc:1    | Entered Level 1 of the Orcish Mines
 18650 | Orc:1    | Reached skill level 5 in Dodging
 18925 | Orc:1    | Found Ynwano Qorphi's Weapon Emporium.
 19240 | Orc:2    | Entered Level 2 of the Orcish Mines
 19277 | Orc:2    | Found a staircase to the Elven Halls.
 19621 | Orc:2    | Found a roughly hewn altar of Beogh.
 19735 | Orc:2    | Found Ikkats's Antique Weapon Shop.
 19735 | Orc:2    | Found Fubluyle's Antique Armour Emporium.
 19735 | Orc:2    | Found Durgh's Antique Armour Shoppe.
 19738 | Orc:2    | Found Nenut's Weapon Boutique.
 19742 | Orc:2    | Bought a glimmering sling for 162 gold pieces
 19742 | Orc:2    | Identified the +6 sling of World's End {freeze, rN+ rCorr
                  | Stlth-} (You bought it in a shop on level 2 of the Orcish
                  | Mines)
 19755 | Orc:2    | Bought a warped ring mail for 207 gold pieces
 19755 | Orc:2    | Identified the +1 ring mail "Pihyup" {rC- rN+ Slay+6} (You
                  | bought it in a shop on level 2 of the Orcish Mines)
 19896 | Orc:2    | Found a large runed translucent door.
 19896 | Orc:2    | Found a large runed translucent door.
 19981 | Orc:2    | Noticed Fegelein's ghost (novice MiBe)
 20006 | Orc:2    | Killed Fegelein's ghost
 20090 | Orc:2    | Bought a heavily runed scarf for 340 gold pieces
 20090 | Orc:2    | Identified the scarf of the Spheres {rC+ rF+, rElec MP+9}
                  | (You bought it in a shop on level 2 of the Orcish Mines)
 20105 | Orc:2    | Bought an encrusted sling for 221 gold pieces
 20105 | Orc:2    | Identified the +1 sling "Nebunlol" {flame, rN+ rCorr Dex+3}
                  | (You bought it in a shop on level 2 of the Orcish Mines)
 20134 | Elf:1    | Entered Level 1 of the Elven Halls
 20135 | Elf:1    | Paralysed by an air elemental for 1 turns
 20232 | Elf:1    | Noticed a deep elf annihilator
 20240 | Elf:1    | Killed a deep elf annihilator
 20241 | Elf:1    | Reached skill level 10 in Ranged Weapons
 20265 | Elf:1    | Noticed a deep elf annihilator
 20274 | Elf:1    | Killed a deep elf annihilator
 20354 | Elf:1    | Paralysed by an air elemental for 1 turns
 20445 | Elf:1    | Noticed a deep elf elementalist
 20453 | Elf:1    | Killed a deep elf elementalist
 20464 | Elf:1    | Reached skill level 10 in Alchemy
 20593 | Elf:1    | Reached skill level 5 in Armour
 20593 | Elf:1    | Reached XP level 15. HP: 63/113 MP: 25/25
 20661 | Elf:1    | Identified the +0 chain mail of the Scribe {rF++}
 21375 | Elf:2    | Found Doclamei's Jewellery Shoppe.
 21419 | Elf:2    | Found Iffo's Book Boutique.
 21421 | Elf:2    | Found Empy's Jewellery Shoppe.
 21440 | Elf:2    | Learned a level 3 spell: Inner Flame
 21446 | Elf:2    | Learned a level 5 spell: Irradiate
 21567 | Elf:2    | Identified the +2 pair of gloves of Subjectivity {Harm rC-
                  | Will+ Str+2}
 21567 | Elf:2    | Noticed Nikola
 21578 | Elf:2    | Killed Nikola
 22096 | Elf:2    | Found a huge runed translucent gate.
 22096 | Elf:2    | Found a huge runed translucent gate.
 22107 | Elf:2    | Found a huge runed translucent gate.
 22306 | Elf:2    | Found a huge runed translucent gate.
 22306 | Elf:2    | Found a huge runed translucent gate.
 22683 | Elf:2    | Reached skill level 10 in Fighting
 23128 | Lair:5   | Entered Level 5 of the Lair of Beasts
 23200 | Lair:5   | Reached XP level 16. HP: 122/122 MP: 28/28
 23412 | Lair:5   | Found a viscous altar of Jiyva.
 23412 | Lair:5   | Found a staircase to the Slime Pits.
 23783 | Lair:5   | Paralysed by a hornet for 1 turns
 24611 | D:13     | Found an iron altar of Okawaru.
 25675 | D:14     | Noticed Jorgrun
 25685 | D:14     | Killed Jorgrun
 25781 | D:14     | Identified the ring "Hiblac" {*Slow rF+ rC++ rCorr Int+5}
 25908 | D:14     | Found a gate to the Vaults.
 26128 | D:15     | Entered Level 15 of the Dungeon
 26266 | D:15     | Found a hide-covered altar of Uskayaw.
 26333 | D:15     | Found a staircase to the Depths.
 26713 | D:15     | Found an opulent altar of Gozag.
 26912 | D:15     | Bought a potion of heal wounds for 95 gold pieces
 26912 | D:15     | Bought a potion of curing for 57 gold pieces
 26912 | D:15     | Bought a wand of charming (3) for 136 gold pieces
 26912 | D:15     | Bought a wand of mindburst (8) for 212 gold pieces
 27119 | Shoals:1 | Entered Level 1 of the Shoals
 27119 | Shoals:1 | Found Sunweqeesa's Distillery.
 27129 | Shoals:1 | Bought a potion of cancellation for 128 gold pieces
 27129 | Shoals:1 | Bought a potion of invisibility for 128 gold pieces
 27553 | Shoals:1 | Identified the serpent talisman of the Big Bang {rF+ Str-3
                  | Int+3 Stlth+}
 27553 | Shoals:1 | Noticed Aizul
 27563 | Shoals:1 | HP: 4/127 [poisoned by Aizul (bolt of poison)]
 27568 | Shoals:1 | Killed from afar by Aizul

Illustrated notes

Levels and vault maps discovered:
D:1:      matt_arrival_diagonals, layout_basic, serial_shops,
          nicolae_shop_tiny_glass
D:2:      layout_loops_corners, dk_vineyard_1, uniq_sigmund
D:3:      layout_loops_ring, hangedman_feature_mirror, st_stairs_5,
          lexackson_kobold_supper
D:4:      layout_loops_ring, serial_shops, shop, gup_sewer_entry_bowl
D:5:      layout_basic, mainiacjoe_overflow_catwalk, uniq_prince_ribbit1
D:6:      layout_basic, elyvilon_altar_5, kennysheep_minor_cross
D:7:      layout_cave_pools, minmay_temple_entry_enclosed_plants,
          nicolae_shop_national_dungeon_mall
D:8:      layout_rooms, ashenzari_conservatory_becter,
          due_lair_maze_entry_diamond, enter_bailey_3
D:9:      layout_irregular_city, serial_shops, nicolae_shop_behind_doors,
          serial_demonic, serial_demonic_f, serial_demonic_f, serial_demonic_c,
          serial_demonic_f, serial_demonic_g
D:10:     layout_cave_pools
D:11:     layout_roguey, gammafunk_ghost_nasty_kobolds
D:12:     layout_long_grid, kennysheep_orc_monster_closet_entryway, special_room
          [special_room_orc], minmay_misc_feat_pillars, uniq_gastronok,
          uniq_frances
D:13:     layout_basic, okawaru_trees_2
D:14:     layout_long_grid, hellmonk_vaults_attempted_burglary,
          kennysheep_cross_room, uniq_jorgrun
D:15:     gammafunk_enter_depths_forms, layout_cave_pools,
          nicolae_uskayaw_murder_on_the_dancefloor,
          nicolae_concentric_dashed_squares_mild, roderic_roman_lattice,
          grunt_gozag_breadcrumbs
Temple:   hellmonk_temple_divided_pantheon
Lair:1:   layout_gridlike
Lair:2:   layout_chaotic_city, spider_nest_entry_a
Lair:3:   layout_cave_pods, nicolae_shoals_entry_roost
Lair:4:   layout_roguey, gammafunk_ghost_split, serial_bayou_shore_a
Lair:5:   minmay_lair_end_enchanted_forest, layout_small_grid,
          minmay_slime_entry_pillars, grunt_forest_small_clearings,
          grunt_forest_small_clearing_treed, serial_bayou_shore_b,
          grunt_megastairs_2
Shoals:1: layout_shoals, serial_shops, shop,
          nicolae_shoals_lost_giant_amphitheater, uniq_aizul
Orc:1:    layout_caves, serial_shops, shop_statue
Orc:2:    st_orc_rangers, layout_caves, basic_altar, ebering_ghost_disaster_area
Elf:1:    elf_arrival_001, layout_loops_corners, nicolae_elf_blasts_and_bolts
Elf:2:    elven_hall_of_blades_hangedman_alternative
          [nicolae_blade_entry_pointy_end], layout_geoelf_grid,
          minmay_shop_grove, uniq_nikola

Skill      XL: |  1  2  3  4  5  6  7  8  9 10 11 12 13 14 15 16 |
---------------+-------------------------------------------------+-----
Stealth        | 1 2 3 4 |  4.0
Dodging        | 2 3 4 6 |  6.9
Fighting       | 4 5 6 7 8 9 10 12 | 12.0
Ranged Weapons | 4 5 6 7 9 10 12 | 12.4
Evocations     | 4 6 9 10 12 | 12.0
Armour         | 2 3 5 7 |  7.0
Alchemy        | 3 5 7 8 9 10 | 10.0
Spellcasting   | 2 4 5 6 7 8 |  8.6
Conjurations   | 2 4 5 6 7 |  7.0
Air Magic      | 2 3 5 6 |  6.6
Fire Magic     | 2 5 6 7 |  7.0
Ice Magic      | 5 7 8 |  8.0

Action                     |  1- 3 |  4- 6 |  7- 9 | 10-12 | 13-15 | 16-18 || total
---------------------------+-------+-------+-------+-------+-------+-------++-------
  Melee: Sling             |       |       |    23 |       |       |       ||    23
   Fire: Sling             |   126 |   238 |   802 |  1191 |   741 |   323 ||  3421
         Greatsling        |       |       |       |    23 |   741 |   323 ||  1087
   Cast: Mephitic Cloud    |       |       |     1 |    33 |    27 |     5 ||    66
         Olgreb's Toxic Ra |       |       |       |     9 |    22 |     4 ||    35
         Ignite Poison     |       |       |       |     1 |    20 |     2 ||    23
         Freezing Cloud    |       |       |       |       |       |     1 ||     1
 Invoke: Call Merchant     |       |       |       |     1 |     2 |     2 ||     5
Ability: Invent Gizmo      |       |       |       |       |     1 |       ||     1
  Evoke: Wand              |       |       |    18 |    36 |     3 |     1 ||    58
    Use: Potion            |     2 |       |     4 |     5 |       |     1 ||    12
         Scroll            |     1 |     4 |     4 |    15 |     9 |     7 ||    40
 Armour: Leather armour    |     8 |    29 |   146 |   198 |   120 |       ||   501
         Ring mail         |       |       |       |       |    86 |    37 ||   123
  Dodge: Dodged            |     9 |    34 |   144 |   164 |   124 |    24 ||   499

Table legend: (Time is in decaauts)
 A = Elapsed time spent in this place.
 B = Non-inter-level travel time spent in this place.
 C = Inter-level travel time spent in this place.
 D = Time resting spent in this place.
 E = Time spent auto-exploring this place.
 F = Levels seen in this place.
 G = Mean time per level.
                   A        B        C        D        E       F      G
               +--------+--------+--------+--------+--------+-----+--------+
         Total |  27899 |  26079 |   1820 |    874 |  20664 |  28 |  996.4 |
       Dungeon |  14800 |  13629 |   1171 |    441 |  10846 |  15 |  986.7 |
        Temple |     31 |     31 |      0 |      0 |      0 |   1 |   31.0 |
          Lair |   6663 |   6210 |    453 |    100 |   5156 |   5 | 1332.6 |
        Shoals |    444 |    444 |      0 |      0 |    381 |   1 |  444.0 |
  Orcish Mines |   1483 |   1414 |     69 |      0 |   1057 |   2 |  741.5 |
   Elven Halls |   2794 |   2669 |    125 |    138 |   2110 |   2 | 1397.0 |
         Sewer |   1258 |   1258 |      0 |    195 |    829 |   1 | 1258.0 |
        Bailey |    423 |    423 |      0 |      0 |    284 |   1 |  423.0 |
               +--------+--------+--------+--------+--------+-----+--------+

Top non-repeatable levels by time:
  Lair:4: 1804 daAuts
   Elf:2: 1556 daAuts
  Lair:2: 1382 daAuts
     D:8: 1357 daAuts
     D:9: 1311 daAuts
    D:12: 1302 daAuts
     D:7: 1280 daAuts
  Lair:1: 1261 daAuts
   Sewer: 1258 daAuts
  Lair:5: 1241 daAuts
   Elf:1: 1237 daAuts
     D:5: 1122 daAuts
     D:2: 1033 daAuts
     D:3: 1016 daAuts
     D:6: 979 daAuts
